 Dungeon Crawl Stone Soup version 0.29.1-1-gd02db6906a (webtiles) character file.

Game seed: 6865488975600283639

347094 sanka the Tortoise (level 21, -10/123 HPs)
             Began as a Gnoll Cinder Acolyte on Sept 14, 2022.
             Was a High Priest of Ashenzari.
             Mangled by a balrug
             ... wielding a +0 demon whip of electrocution
              (19 damage)
             ... on level 4 of the Abyss on Sept 17, 2022.
             The game lasted 02:36:10 (61816 turns).

sanka the Tortoise (Gnoll Cinder Acolyte)          Turns: 61816, Time: 02:36:10

Health: -10/123    AC: 20    Str: 17    XL:     21   Next: 73%
Magic:  29/29      EV: 29    Int: 12    God:    Ashenzari [*****.]
Gold:   450        SH:  0    Dex: 13    Spells: 6/54 levels left

rFire   . . .      SeeInvis +     - Unarmed
rCold   . . .      Faith    .   (shield currently unavailable)
rNeg    . . .      Spirit   .   (body armour currently unavailable)
rPois   ∞          Reflect  .   (helmet currently unavailable)
rElec   +          Harm     .   (cloak currently unavailable)
rCorr   .          Rampage  .   (gloves currently unavailable)
Will    +....      Clarity  +   (boots currently unavailable)
Stlth   ++++++....              N - amulet of regeneration
HPRegen 1.10/turn               j - ring "Eternal Together" {AC+4, Self, Melee} (curse)
MPRegen 0.21/turn               M - ring "Portent of Ashenzari" {EV+4, Evo, Melee} (curse)

@: storm-form, flying, studying 3 skills
A: cleaving, insubstantial, flying, (fangs 1), strong nose, distributed
training, [berserk 2], ([deformed body]), [dopey 2], [frail 3], [low MP 3],
[subdued magic 2]
}: 3/15 runes: serpentine, barnacled, abyssal
a: Blinkbolt, End Transformation, Renounce Religion, Shatter the Chains


You were on level 4 of the Abyss.
You worshipped Ashenzari.
Ashenzari was extremely pleased with you.
You were a lightning-filled tempest!
You visited 7 branches of the dungeon, and saw 33 of its levels.
You visited the Abyss 1 time.
You also visited: Trove, Bailey and Ice Cave.

You collected 5029 gold pieces.
You spent 4579 gold pieces at shops.


Innate Abilities, Weirdness & Mutations

You are a lightning-filled tempest!
Your electrical attacks strike out in all directions at once.
You are incredibly evasive.
Your insubstantial body is immune to petrification, constriction, and being set on fire You are flying.
You are immune to poison.
Your armour is entirely melded.
You are incapable of wielding weapons or throwing items.
((You have very sharp teeth.))
Your uncanny sense of smell can sniff out nearby items.
Your experience applies equally to all skills.
[You have an uncontrollable temper.]
[((Armour fits poorly on your strangely shaped body.))]
[You are very dopey. (Int -4)]
[You are extremely frail. (-30% HP)]
[Your magical capacity is extremely low. (-30% MP)]
[Your spells are easier to cast, but less powerful.]


   Skills:
 + Level 15.9(18.1) Fighting
 + Level 14.7(18.0) Short Blades
 + Level 14.7(18.0) Long Blades
 + Level 14.7(18.0) Axes
 + Level 14.7(18.0) Maces & Flails
 + Level 14.7(18.0) Polearms
 + Level 14.7(18.0) Staves
 + Level 14.7 Ranged Weapons
 + Level 14.7 Throwing
 + Level 17.5 Armour
 + Level 14.7 Dodging
 + Level 14.7 Stealth
 + Level 14.7 Shields
 + Level 16.2(19.5) Unarmed Combat
 + Level 14.9(17.1) Spellcasting
 + Level 12.5 Conjurations
 + Level 12.5 Hexes
 + Level 12.5 Summonings
 + Level 15.3 Necromancy
 + Level 12.5 Translocations
 + Level 12.5 Transmutations
 + Level 13.5 Fire Magic
 + Level 12.5 Ice Magic
 + Level 12.5 Air Magic
 + Level 12.5 Earth Magic
 + Level 12.5 Poison Magic
 + Level 15.9 Invocations
 + Level 14.7(16.9) Evocations


You had 6 spell levels left.
You knew the following spells:

 Your Spells              Type           Power      Damage    Failure   Level
c - Summon Hydra          Summ           12%        N/A       21%         7
i - Summon Cactus Giant   Summ           12%        N/A       3%          6
s - Swiftness             Air            25%        N/A       1%          3
x - Iron Shot             Conj/Erth      12%        9d3       3%          6
y - Storm Form            Tmut/Air       12%        N/A       21%         7
z - Blade Hands           Tmut           12%        N/A       1%          5
C - Ozocubu's Refrigerat  Ice            12%        4d10      21%         7
N - Passwall              Tmut/Erth      20%        N/A       0%          2
X - Irradiate             Conj/Tmut      12%        3d15      1%          5

Your spell library contained the following spells:

 Spells                   Type           Power      Damage    Failure   Level
 Foxfire                  Conj/Fire      100%       2x1d9     0%          1
 Freeze                   Ice            100%       1d11      0%          1
 Magic Dart               Conj           100%       1d8       0%          1
 Summon Small Mammal      Summ           100%       N/A       0%          1
 Blink                    Tloc           50%        N/A       0%          2
 Call Imp                 Summ           25%        N/A       0%          2
 Ensorcelled Hibernation  Hex/Ice        50%        N/A       0%          2
 Scorch                   Fire           52%        2d8       0%          2
 Sublimation of Blood     Necr           29%        N/A       0%          2
 Call Canine Familiar     Summ           25%        N/A       1%          3
 Conjure Flame            Conj/Fire      25%        6-21      1%          3
 Ignite Poison            Fire/Tmut/Pois 25%        N/A       1%          3
 Inner Flame              Hex/Fire       25%        N/A       1%          3
 Mephitic Cloud           Conj/Pois/Air  25%        N/A       1%          3
 Ozocubu's Armour         Ice            25%        N/A       1%          3
 Portal Projectile        Hex/Tloc       50%        N/A       1%          3
 Summon Guardian Golem    Hex/Summ       25%        N/A       1%          3
 Tukima's Dance           Hex            25%        N/A       1%          3
 Animate Armour           Summ/Erth      50%        N/A       1%          4
 Corpse Rot               Necr/Pois/Air  26%        N/A       1%          4
 Flame Wave               Conj/Fire      25%        2d8       1%          4
 Petrify                  Tmut/Erth      25%        N/A       1%          4
 Sticky Flame             Conj/Fire      25%        2d5       1%          4
 Manifold Assault         Tloc           25%        N/A       1%          5
 Metabolic Englaciation   Hex/Ice        12%        N/A       1%          5
 Summon Forest            Summ/Tloc      12%        N/A       1%          5
 Simulacrum               Ice/Necr       13%        N/A       1%          6
 Eringya's Noxious Bog    Tmut/Pois      12%        N/A       3%          6
 Infestation              Necr           14%        N/A       47%         8

Inventory:

Hand Weapons
 a - the cursed +10 lance "Wyrmbane" (melded) {slay drac, rPois rF+ rC+ AC+3, Elem, Comp}

   It inflicts extra damage against dragons and draconians.
   AC:        It affects your AC (+3).
   rF:        It protects you from fire.
   rC:        It protects you from cold.
   rPois:     It protects you from poison.
   It has a curse which improves the following skills: Elements: Fire Magic, Ice
   Magic, Air Magic and Earth Magic.
   Companions: Summonings and Necromancy.
Missiles
 m - 2 throwing nets {=f}
Armour
 b - the cursed +2 kite shield of Ashenzari's Bitterness (melded) {AC+3, Elem, Comp}

   It has a curse which improves the following skills: Elements: Fire Magic, Ice
   Magic, Air Magic and Earth Magic.
   Companions: Summonings and Necromancy.
 o - the cursed +2 helmet of the Eye in the Sky (melded) {Fort, Self}

   It has a curse which improves the following skills: Fortitude: Armour and
   Shields.
   Introspection: Fighting and Spellcasting.
 v - the cursed +2 pair of boots "Enigmatic the Doldrums" (melded) {Self, Bglg}

   It has a curse which improves the following skills: Introspection: Fighting
   and Spellcasting.
   Beguiling: Conjurations, Hexes and Translocations.
 O - the cursed quicksilver dragon scales of the Chained Prison (melded) {rN+ Will+ Str+3 Int+2 Stlth+, Cun, Fort}

   Str:       It affects your strength (+3).
   Int:       It affects your intelligence (+2).
   rN:        It protects you from negative energy.
   Will:      It increases your willpower.
   Stlth:     It makes you more stealthy.
   It has a curse which improves the following skills: Cunning: Dodging and
   Stealth.
   Fortitude: Armour and Shields.
 Q - the cursed +2 pair of gloves of the Fated Discomfort (melded) {Elem, Range}

   It has a curse which improves the following skills: Elements: Fire Magic, Ice
   Magic, Air Magic and Earth Magic.
   Ranged Combat: Ranged Weapons and Throwing.
 X - the cursed +2 cloak of the Fated Paranoia (melded) {Cun, Elem}

   It has a curse which improves the following skills: Cunning: Dodging and
   Stealth.
   Elements:  Fire Magic, Ice Magic, Air Magic and Earth Magic.
Jewellery
 i - a ring of resist corrosion
 j - the cursed ring "Eternal Together" (left fist) {AC+4, Self, Melee}

   [ring of protection]

   AC:        It affects your AC (+4).
   It has a curse which improves the following skills: Introspection: Fighting
   and Spellcasting.
   Melee Combat: Short Blades, Long Blades, Axes, Maces & Flails, Polearms,
   Staves and Unarmed Combat.
 r - a ring of flight
 y - a ring of protection from cold
 M - the cursed ring "Portent of Ashenzari" (right fist) {EV+4, Evo, Melee}

   [ring of evasion]

   EV:        It affects your evasion (+4).
   It has a curse which improves the following skills: Evocations: Evocations.
   Melee Combat: Short Blades, Long Blades, Axes, Maces & Flails, Polearms,
   Staves and Unarmed Combat.
 N - an amulet of regeneration (around neck)
 Y - a ring of wizardry
 Z - a ring of poison resistance
Wands
 g - a wand of light (9)
 k - a wand of mindburst (13)
 l - a wand of flame (15)
 D - a wand of digging (19)
 H - a wand of paralysis (6)
 V - a wand of iceblast (8)
Scrolls
 c - a scroll of enchant armour
 e - 24 scrolls of teleportation {@r4}
 f - 4 scrolls of magic mapping
 h - 8 scrolls of enchant weapon
 n - a scroll of torment {!r}
 p - 8 scrolls of immolation {!r}
 q - 9 scrolls of vulnerability {!r}
 s - 6 scrolls of fear
 t - 3 scrolls of blinking
 u - 3 scrolls of poison {!r}
 A - a scroll of amnesia
 G - 4 scrolls of silence {!r}
 K - a scroll of brand weapon
 P - 2 scrolls of summoning
 R - 6 scrolls of fog
Potions
 x - 7 potions of brilliance
 z - 13 potions of curing {@q1}
 B - 6 potions of flight
 C - 6 potions of heal wounds {@q2}
 E - 2 potions of might
 F - 4 potions of haste {@q3}
 I - 3 potions of ambrosia
 J - 3 potions of attraction {!q}
 L - 3 potions of invisibility
 S - 3 potions of magic
 T - 5 potions of mutation {!q}
 W - 2 potions of cancellation
Miscellaneous
 d - a lightning rod (4/4)
 w - a phantom mirror
 U - a phantom mirror

Dungeon Overview and Level Annotations

Branches:
Dungeon (15/15)            Temple (1/1) D:5            Lair (5/5) D:9
 Shoals (4/4) Lair:2        Snake (4/4) Lair:3        Slime (0/5) Lair:4
    Orc (2/2) D:12            Elf (0/3) Orc:2        Vaults (2/5) D:14
  Crypt (0/3) Vaults:2     Depths (0/4) D:15         Bailey (visited)
  IceCv (visited)

Altars:
Ashenzari
Cheibriados
Dithmenos
Elyvilon
Fedhas
Gozag
Hepliaklqana
Kikubaaqudgha
Makhleb
Nemelex Xobeh
Okawaru
Qazlal
Ru
Sif Muna
Trog
Uskayaw
Vehumet
Wu Jian
Xom
Yredelemnul
Zin
The Shining One
Lugonu

Shops:
D:7 :   D:9 :   D:10 *   D:15 *   Orc:2 (?*(   Shoals:2 =   Snake:1 [
Snake:2 :!**   Snake:4 ?   Vaults:1 [   Vaults:2 [

Portals:
Abyss: Lair:5

Annotations:
Vaults:2 Margery

░, ,,░,,░░,░░ ,
░░░,░ ░ ,
,,,,{⌠░,⌠░ ⌠, {
.░ ░, ░, , , ,
, , , ▒ ░ ░ ░,
░ ░░ ░▒░▒▒▒▒▒
▒▒▒▒ ░ , , ░, ░
{ ▒▒▒▒▒▒▒,'▒.▒
░ ░, ,░ ░░ , ,
{▒▒▒
▒▒▒▒▒▒▒..▒▒ ,
,, , ░ ░ ,{{ ▒
░...▒.▒.▒÷▒▒▒ ,
,,,░,, ░ ░
.▒{▒▒E
⌠▒⌠▒z▒▒▒'▒.▒ ░
, ░ , .x∩
2≈≈≈≈≈≈3G2v.▒▒.
░ ░ ,░░, ░,
..▒▒
░E▒⌠▒z▒▒▒'▒.▒ ░
░░, ░{ ▒
▒.▒.▒.▒.▒.▒▒▒░
░ , ░ , ▒
▒▒▒▒▒▒▒.÷.▒..░,
,░ ,░ ▒∆'...
...'▒.▒▒.{ ░ ░░
,
▒▒▒▒▒▒▒▒▒▒▒X_,
,░░ ░ ░░░ ░ ░ .
░░.░░ ░{░░, , ░
░, , , , ⌠..⌠▒░
,, ░, ░, ░ , ,
,, , ░░ ░ ░,░░
,░


You could see a balrug, a glowing orange brain, a sun demon, an earth elemental
and 2 flying skulls.


Message History

You barely miss the balrug. The balrug completely misses you.
You batter the balrug!!
The balrug is moderately wounded.
You hit the balrug but do no damage. Your punch misses the balrug.
The balrug is moderately wounded.
A flying skull comes into view.
The balrug hits you with a +0 demon whip of electrocution.
You are engulfed in flames!!
* * * LOW HITPOINT WARNING * * *
You closely miss the balrug. You punch the balrug!
The balrug is moderately wounded.
The balrug hits you with a +0 demon whip of electrocution.
* * * LOW HITPOINT WARNING * * *
You are engulfed in flames!!
* * * LOW HITPOINT WARNING * * *
The balrug misses you.
You closely miss the balrug.
The balrug is moderately wounded.
The balrug hits you with a +0 demon whip of electrocution!
* * * LOW HITPOINT WARNING * * *
You are engulfed in flames!!
* * * LOW HITPOINT WARNING * * *
Unknown command.
The balrug hits you with a +0 demon whip of electrocution!
* * * LOW HITPOINT WARNING * * *
You are engulfed in flames!!
You die...

Action                   |  1- 3 |  4- 6 |  7- 9 | 10-12 | 13-15 | 16-18 | 19-21 || total
-------------------------+-------+-------+-------+-------+-------+-------+-------++-------
Melee: Unarmed           |    78 |    59 |    67 |   368 |     5 |       |    67 ||   644
       Bite              |     5 |     4 |    10 |    79 |   331 |   213 |   288 ||   930
       Punch             |     2 |     1 |     5 |    29 |    81 |       |    13 ||   131
       Dagger            |       |       |     1 |    53 |    17 |       |       ||    71
       War axe           |       |       |       |    47 |       |       |       ||    47
       Broad axe         |       |       |       |    27 |       |       |       ||    27
       Scimitar          |       |       |       |    59 |   643 |   118 |       ||   820
       Lance             |       |       |       |       |  1451 |  1670 |  2106 ||  5227
Throw: Dart              |       |       |       |     3 |       |       |       ||     3
 Cast: Scorch            |    13 |    33 |   104 |   287 |    62 |       |       ||   499
       Foxfire           |       |       |    20 |     5 |     3 |       |       ||    28
       Blade Hands       |       |       |       |     1 |       |       |     1 ||     2
       Irradiate         |       |       |       |       |    13 |    19 |     7 ||    39
       Iron Shot         |       |       |       |       |    53 |    78 |   169 ||   300
       Summon Cactus Gia |       |       |       |       |       |     6 |       ||     6
       Ozocubu's Refrige |       |       |       |       |       |       |    87 ||    87
       Summon Hydra      |       |       |       |       |       |       |    16 ||    16
       Storm Form        |       |       |       |       |       |       |     4 ||     4
Invok: Fiery Armour      |       |       |     1 |     3 |     2 |       |       ||     6
       Foxfire Swarm     |       |       |       |     2 |       |       |       ||     2
       Curse Item        |       |       |       |       |     1 |     5 |     3 ||     9
Evoke: Wand              |       |       |       |     7 |     2 |     1 |       ||    10
  Use: Potion            |       |       |     1 |     1 |     6 |     2 |     4 ||    14
       Scroll            |       |       |       |    12 |     7 |    10 |     3 ||    32
 Stab: Sleeping          |       |     1 |     2 |     7 |    18 |    22 |    21 ||    71
       Distracted        |       |       |       |     3 |     4 |     4 |     8 ||    19
       Paralysed         |       |       |       |    15 |     1 |       |       ||    16
       Petrified         |       |       |       |       |     2 |       |       ||     2
       Invisible         |       |       |       |       |       |     5 |       ||     5
Armor: Robe              |    18 |    21 |    25 |    19 |       |       |       ||    83
       Troll leather arm |       |       |       |   141 |   348 |       |       ||   489
       Skin              |       |       |       |     4 |       |       |     7 ||    11
       Leather armour    |       |       |       |       |   262 |    30 |       ||   292
       Quicksilver drago |       |       |       |       |       |   345 |   449 ||   794
Dodge: Dodged            |    50 |    30 |   100 |   593 |  1474 |   689 |   766 ||  3702
Block: Buckler           |       |       |       |       |   346 |   412 |    77 ||   835
       Kite shield       |       |       |       |       |       |       |   824 ||   824

Levels and vault maps discovered:
D:1:      spicycebolla_arrival_clurvy, layout_loops_ring, minmay_pentomino_t4
D:2:      layout_loops_cross, shapermc_ecumenical_altar_rom_forum
D:3:      layout_basic, chequers_temple_overflow_statue_of_worship, uniq_sigmund
D:4:      layout_loops_ring, kiku_gazebo_pond_becter, grunt_decor_cap
D:5:      layout_rooms, minmay_temple_entry_grid, uniq_pikel
D:6:      layout_loops_corners
D:7:      layout_rooms, serial_glass, glass_columns_a, glass_columns_b,
          nicolae_shop_i_like_big_books, corexii_item_surrounded_by_moat,
          hangedman_minor_gate_pass
D:8:      layout_basic, serial_corexii_hall, corexii_hall_statues_i,
          corexii_hall_statues_s, corexii_hall_statues_x,
          corexii_hall_statues_t, ebering_ghost_xom
D:9:      layout_irregular_city, mainiacjoe_overflow_small_starburst,
          david_lair_shrubbed, serial_shops, nicolae_shop_statue_plus,
          grunt_ministairs_15, serial_bayou_crossing
D:10:     layout_loops_cross, enter_bailey_3, serial_shops, nicolae_shop_stone
D:11:     minmay_shrinking_squares, layout_basic, uniq_fannar
D:12:     layout_roguey, minmay_orc_entry_temple_small,
          nicolae_trove_entry_isolated
D:13:     minmay_weird_star, layout_basic
D:14:     layout_loops_corners, david_vaults_4, nicolae_ru_path_of_blood,
          serial_glass, glass_columns_b, glass_columns_a, due_unseen_surprise,
          minmay_strange_pillars, minmay_strange_pillars
D:15:     grunt_enter_depths_giant_problem, layout_basic, serial_shops, shop,
          roderic_roman_lattice
Temple:   compressed_dpeg_circular_temple
Lair:1:   layout_small_grid, gauntlet_entry_generic, serial_bayou,
          serial_bayou_lake_a, serial_bayou_pond_d, serial_bayou_pond_a,
          serial_bayou_pond_d
Lair:2:   layout_gridlike, minmay_shoals_entry_lonely_mermaid
Lair:3:   nzn_winding_woodlands_large [nzn_winding_woodlands_5x5_closed_star,
          nzn_winding_woodlands_5x15_sawtooth,
          nzn_winding_woodlands_5x5_perimeter,
          nzn_winding_woodlands_center_garden,
          nzn_winding_woodlands_15x15_killbox,
          nzn_winding_woodlands_center_lodge,
          nzn_winding_woodlands_5x5_checkerboard,
          nzn_winding_woodlands_5x15_longhouse,
          nzn_winding_woodlands_5x5_three], layout_regular_city,
          minmay_snake_entry_six_corridors, st_stairs_13, fungi_pond_lemuel
Lair:4:   layout_gridlike, dpeg_slime_entry_enclosed, basic_altar,
          grunt_forest_small_clearings, chequers_serial_rivers_micro_d,
          minmay_lindwurm_lava
Lair:5:   hellmonk_lair_end_abyssal_woods, layout_concentric_octagons,
          portal_ice_cave_entry_pillars_2, infiniplex_staircase_pool
Shoals:1: layout_shoals
Shoals:2: layout_shoals, serial_shops, shop, uniq_polyphemus, uniq_nikola
Shoals:3: nicolae_shoals_island_circles, layout_shoals,
          nicolae_shoals_lost_giant_temple, nicolae_shoals_spring_well_temple
Shoals:4: shoals_end_simple, layout_shoals, argonaut_gorgonesque, uniq_aizul
Snake:1:  layout_grid_maze, serial_shops, shop, uniq_louise, uniq_azrael,
          uniq_frances
Snake:2:  layout_misc_corridors, nicolae_shop_self_help, minmay_shop_star,
          grunt_megastairs_5
Snake:3:  layout_basic
Snake:4:  grunt_snake_rune_spirals, layout_onion, serial_shops, shop_scrolls,
          nicolae_snake_gridmaze_spiral
Orc:1:    layout_caves
Orc:2:    st_orc_open, layout_diamond_mine, ebering_ghost_reflecting_pool
Vaults:1: v_misc_2, v_misc_23, nicolae_vaults_specimen_jars, v_misc_22,
          v_misc_3, v_misc_24, nicolae_vaults_little_squares_1,
          ontoclasm_vaults_eye, ontoclasm_vaults_gallery, vaults_dpeg_cross,
          v_misc_32, vaults_room_corners, vaults_dpeg_ring,
          layout_vaults_omnicross, serial_shops, shop
Vaults:2: dpeg_vaults_monster_box, ontoclasm_vaults_bender,
          nicolae_vaults_arrows, minmay_crypt_entry_simple_statues,
          hangedman_vaults_pinch, nicolae_vaults_network_barrier,
          ontoclasm_vaults_hangar, v_pattern_3, nicolae_vaults_yaktaur_gun_rack,
          vaults_room_large_hall, v_misc_8, v_misc_14, layout_vaults_omnibox,
          serial_shops, nicolae_shop_temple_entry_statues_fountains,
          uniq_margery, uniq_xtahua
Abyss:4:  base: D:11, hangedman_abyss_rune_flesh_and_stone

Notes
Turn   | Place    | Note
-------+----------+-------------------------------------------
     0 | D:1      | sanka the Gnoll Cinder Acolyte began the quest for the Orb.
     0 | D:1      | Reached XP level 1. HP: 23/23 MP: 4/4
   107 | D:1      | Reached XP level 2. HP: 28/29 MP: 5/5
   130 | D:1      | Learned a level 2 spell: Scorch
   562 | D:1      | Reached XP level 3. HP: 34/35 MP: 7/7
   691 | D:1      | Reached skill level 1 in Invocations
  1086 | D:2      | Reached skill level 1 in Short Blades
  1086 | D:2      | Reached skill level 1 in Long Blades
  1086 | D:2      | Reached skill level 1 in Axes
  1086 | D:2      | Reached skill level 1 in Maces & Flails
  1086 | D:2      | Reached skill level 1 in Polearms
  1086 | D:2      | Reached skill level 1 in Staves
  1086 | D:2      | Reached skill level 1 in Ranged Weapons
  1086 | D:2      | Reached skill level 1 in Throwing
  1086 | D:2      | Reached skill level 1 in Armour
  1086 | D:2      | Reached skill level 1 in Dodging
  1086 | D:2      | Reached skill level 1 in Stealth
  1086 | D:2      | Reached skill level 1 in Shields
  1086 | D:2      | Reached skill level 1 in Evocations
  1234 | D:2      | Reached XP level 4. HP: 36/41 MP: 4/8
  1327 | D:2      | Reached skill level 3 in Spellcasting
  1656 | D:2      | Found a faded altar of an unknown god.
  1665 | D:2      | Got Plato's Catalogue of Snow
  1968 | D:3      | Found a glowing silver altar of Zin.
  1969 | D:3      | Found a hide-covered altar of Uskayaw.
  2028 | D:3      | Reached skill level 1 in Conjurations
  2028 | D:3      | Reached skill level 1 in Hexes
  2028 | D:3      | Reached skill level 1 in Summonings
  2028 | D:3      | Reached skill level 1 in Necromancy
  2028 | D:3      | Reached skill level 1 in Translocations
  2028 | D:3      | Reached skill level 1 in Transmutations
  2028 | D:3      | Reached skill level 1 in Ice Magic
  2028 | D:3      | Reached skill level 1 in Air Magic
  2028 | D:3      | Reached skill level 1 in Earth Magic
  2028 | D:3      | Reached skill level 1 in Poison Magic
  2385 | D:3      | Reached XP level 5. HP: 42/47 MP: 4/9
  2599 | D:3      | Noticed Sigmund
  2608 | D:3      | Killed Sigmund
  2609 | D:3      | Reached skill level 2 in Short Blades
  2609 | D:3      | Reached skill level 2 in Long Blades
  2609 | D:3      | Reached skill level 2 in Axes
  2609 | D:3      | Reached skill level 2 in Maces & Flails
  2609 | D:3      | Reached skill level 2 in Polearms
  2609 | D:3      | Reached skill level 2 in Staves
  2609 | D:3      | Reached skill level 2 in Ranged Weapons
  2609 | D:3      | Reached skill level 2 in Throwing
  2609 | D:3      | Reached skill level 2 in Armour
  2609 | D:3      | Reached skill level 2 in Dodging
  2609 | D:3      | Reached skill level 2 in Stealth
  2609 | D:3      | Reached skill level 2 in Shields
  2609 | D:3      | Reached skill level 2 in Invocations
  2609 | D:3      | Reached skill level 2 in Evocations
  2609 | D:3      | Reached XP level 6. HP: 48/53 MP: 3/11
  3492 | D:4      | Reached skill level 7 in Fighting
  3492 | D:4      | Reached skill level 7 in Unarmed Combat
  3492 | D:4      | Reached XP level 7. HP: 58/60 MP: 4/12
  3586 | D:4      | Reached skill level 2 in Conjurations
  3586 | D:4      | Reached skill level 2 in Hexes
  3586 | D:4      | Reached skill level 2 in Summonings
  3586 | D:4      | Reached skill level 2 in Necromancy
  3586 | D:4      | Reached skill level 2 in Translocations
  3586 | D:4      | Reached skill level 2 in Transmutations
  3586 | D:4      | Reached skill level 2 in Ice Magic
  3586 | D:4      | Reached skill level 2 in Air Magic
  3586 | D:4      | Reached skill level 2 in Earth Magic
  3586 | D:4      | Reached skill level 2 in Poison Magic
  3902 | D:4      | Found an ancient bone altar of Kikubaaqudgha.
  3906 | D:4      | Identified the ring "Tapleof" {rN+ EV+4 Str-4 Dex+3 SInv}
  4103 | D:5      | Entered Level 5 of the Dungeon
  4107 | D:5      | Reached skill level 3 in Invocations
  4169 | D:5      | Reached skill level 4 in Spellcasting
  4333 | D:5      | Found a staircase to the Ecumenical Temple.
  4387 | D:5      | Reached skill level 6 in Fire Magic
  4508 | D:5      | Reached skill level 3 in Short Blades
  4508 | D:5      | Reached skill level 3 in Long Blades
  4508 | D:5      | Reached skill level 3 in Axes
  4508 | D:5      | Reached skill level 3 in Maces & Flails
  4508 | D:5      | Reached skill level 3 in Polearms
  4508 | D:5      | Reached skill level 3 in Staves
  4508 | D:5      | Reached skill level 3 in Ranged Weapons
  4508 | D:5      | Reached skill level 3 in Throwing
  4508 | D:5      | Reached skill level 3 in Armour
  4508 | D:5      | Reached skill level 3 in Dodging
  4508 | D:5      | Reached skill level 3 in Stealth
  4508 | D:5      | Reached skill level 3 in Shields
  4508 | D:5      | Reached skill level 3 in Evocations
  4508 | D:5      | Reached XP level 8. HP: 67/67 MP: 7/14
  4774 | D:5      | Learned a level 1 spell: Foxfire
  4821 | D:5      | Noticed Pikel
  4858 | D:4      | Killed Pikel
  5129 | D:5      | Reached skill level 3 in Conjurations
  5129 | D:5      | Reached skill level 3 in Hexes
  5129 | D:5      | Reached skill level 3 in Summonings
  5129 | D:5      | Reached skill level 3 in Necromancy
  5129 | D:5      | Reached skill level 3 in Translocations
  5129 | D:5      | Reached skill level 3 in Transmutations
  5129 | D:5      | Reached skill level 3 in Ice Magic
  5129 | D:5      | Reached skill level 3 in Air Magic
  5129 | D:5      | Reached skill level 3 in Earth Magic
  5129 | D:5      | Reached skill level 3 in Poison Magic
  5129 | D:5      | Reached skill level 4 in Invocations
  6164 | D:6      | Reached XP level 9. HP: 73/73 MP: 11/16
  6172 | D:6      | Reached skill level 4 in Short Blades
  6172 | D:6      | Reached skill level 4 in Long Blades
  6172 | D:6      | Reached skill level 4 in Axes
  6172 | D:6      | Reached skill level 4 in Maces & Flails
  6172 | D:6      | Reached skill level 4 in Polearms
  6172 | D:6      | Reached skill level 4 in Staves
  6172 | D:6      | Reached skill level 4 in Ranged Weapons
  6172 | D:6      | Reached skill level 4 in Throwing
  6172 | D:6      | Reached skill level 4 in Armour
  6172 | D:6      | Reached skill level 4 in Dodging
  6172 | D:6      | Reached skill level 4 in Stealth
  6172 | D:6      | Reached skill level 4 in Shields
  6172 | D:6      | Reached skill level 4 in Evocations
  6352 | D:6      | Reached skill level 5 in Spellcasting
  7405 | D:7      | Reached skill level 8 in Fighting
  7405 | D:7      | Reached skill level 8 in Unarmed Combat
  7600 | D:7      | Reached skill level 5 in Invocations
  7678 | D:7      | Noticed a two-headed ogre
  7873 | D:7      | Killed a two-headed ogre
  7874 | D:7      | Reached skill level 5 in Short Blades
  7874 | D:7      | Reached skill level 5 in Long Blades
  7874 | D:7      | Reached skill level 5 in Axes
  7874 | D:7      | Reached skill level 5 in Maces & Flails
  7874 | D:7      | Reached skill level 5 in Polearms
  7874 | D:7      | Reached skill level 5 in Staves
  7874 | D:7      | Reached skill level 5 in Ranged Weapons
  7874 | D:7      | Reached skill level 5 in Throwing
  7874 | D:7      | Reached skill level 5 in Armour
  7874 | D:7      | Reached skill level 5 in Dodging
  7874 | D:7      | Reached skill level 5 in Stealth
  7874 | D:7      | Reached skill level 5 in Shields
  7874 | D:7      | Reached skill level 4 in Conjurations
  7874 | D:7      | Reached skill level 4 in Hexes
  7874 | D:7      | Reached skill level 4 in Summonings
  7874 | D:7      | Reached skill level 4 in Necromancy
  7874 | D:7      | Reached skill level 4 in Translocations
  7874 | D:7      | Reached skill level 4 in Transmutations
  7874 | D:7      | Reached skill level 4 in Ice Magic
  7874 | D:7      | Reached skill level 4 in Air Magic
  7874 | D:7      | Reached skill level 4 in Earth Magic
  7874 | D:7      | Reached skill level 4 in Poison Magic
  7874 | D:7      | Reached skill level 5 in Evocations
  7874 | D:7      | Reached XP level 10. HP: 77/81 MP: 7/18
  7941 | D:7      | Found Quycwiz's Tremendous Tomes.
  8082 | D:8      | Reached skill level 7 in Fire Magic
  8596 | D:8      | Reached skill level 6 in Spellcasting
  8817 | D:8      | Found a runed translucent door.
  8820 | D:8      | Found a shimmering altar of Xom.
  8820 | D:8      | Noticed Camille's ghost (novice HuIE)
  8821 | D:8      | Noticed a +1 rapier of chaos
  9776 | D:9      | Reached skill level 6 in Invocations
 10042 | D:9      | Found a staircase to the Lair.
 10049 | D:9      | Found Emassuek's Book Shop.
 10694 | D:9      | Reached skill level 9 in Fighting
 10694 | D:9      | Reached skill level 6 in Short Blades
 10694 | D:9      | Reached skill level 6 in Long Blades
 10694 | D:9      | Reached skill level 6 in Axes
 10694 | D:9      | Reached skill level 6 in Maces & Flails
 10694 | D:9      | Reached skill level 6 in Polearms
 10694 | D:9      | Reached skill level 6 in Staves
 10694 | D:9      | Reached skill level 6 in Ranged Weapons
 10694 | D:9      | Reached skill level 6 in Throwing
 10694 | D:9      | Reached skill level 6 in Armour
 10694 | D:9      | Reached skill level 6 in Dodging
 10694 | D:9      | Reached skill level 6 in Stealth
 10694 | D:9      | Reached skill level 6 in Shields
 10694 | D:9      | Reached skill level 9 in Unarmed Combat
 10694 | D:9      | Reached skill level 6 in Evocations
 10704 | D:9      | Reached skill level 5 in Conjurations
 10704 | D:9      | Reached skill level 5 in Hexes
 10704 | D:9      | Reached skill level 5 in Summonings
 10704 | D:9      | Reached skill level 5 in Necromancy
 10704 | D:9      | Reached skill level 5 in Translocations
 10704 | D:9      | Reached skill level 5 in Transmutations
 10704 | D:9      | Reached skill level 5 in Ice Magic
 10704 | D:9      | Reached skill level 5 in Air Magic
 10704 | D:9      | Reached skill level 5 in Earth Magic
 10704 | D:9      | Reached skill level 5 in Poison Magic
 10704 | D:9      | Reached XP level 11. HP: 69/89 MP: 2/21
 11015 | D:9      | Found a bloodstained altar of Trog.
 11413 | D:9      | Noticed a two-headed ogre
 11421 | D:9      | Killed a two-headed ogre
 11422 | D:9      | Reached skill level 7 in Spellcasting
 11513 | D:10     | Entered Level 10 of the Dungeon
 11564 | D:10     | Reached skill level 7 in Invocations
 11679 | D:10     | Found a flagged portal.
 11703 | Bailey   | Entered a bailey
 11982 | Bailey   | Noticed an orc knight
 12067 | Bailey   | Killed an orc knight
 12463 | Bailey   | Noticed an orc knight
 12485 | Bailey   | Killed an orc knight
 12746 | Bailey   | Noticed an orc warlord
 12925 | Bailey   | Killed an orc warlord
 12926 | Bailey   | Reached skill level 8 in Fire Magic
 13211 | D:10     | Found Gidghedei's General Store.
 13273 | D:10     | Identified the +5 scimitar of Kismet {flame, Int+8}
 13470 | D:11     | Noticed a cyclops
 13475 | D:11     | Reached skill level 7 in Short Blades
 13475 | D:11     | Reached skill level 7 in Long Blades
 13475 | D:11     | Reached skill level 7 in Axes
 13475 | D:11     | Reached skill level 7 in Maces & Flails
 13475 | D:11     | Reached skill level 7 in Polearms
 13475 | D:11     | Reached skill level 7 in Staves
 13475 | D:11     | Reached skill level 7 in Ranged Weapons
 13475 | D:11     | Reached skill level 7 in Throwing
 13475 | D:11     | Reached skill level 7 in Armour
 13475 | D:11     | Reached skill level 7 in Dodging
 13475 | D:11     | Reached skill level 7 in Stealth
 13475 | D:11     | Reached skill level 7 in Shields
 13475 | D:11     | Reached skill level 7 in Evocations
 13539 | D:11     | Killed a cyclops
 13580 | D:11     | Noticed a purple ugly thing
 13582 | D:11     | Noticed a wizard
 13582 | D:11     | Noticed a cyclops
 13608 | D:10     | Killed a purple ugly thing
 13609 | D:10     | Reached XP level 12. HP: 97/97 MP: 17/23
 13675 | D:11     | Reached skill level 6 in Conjurations
 13675 | D:11     | Reached skill level 6 in Hexes
 13675 | D:11     | Reached skill level 6 in Summonings
 13675 | D:11     | Reached skill level 6 in Necromancy
 13675 | D:11     | Reached skill level 6 in Translocations
 13675 | D:11     | Reached skill level 6 in Transmutations
 13675 | D:11     | Reached skill level 6 in Ice Magic
 13675 | D:11     | Reached skill level 6 in Air Magic
 13675 | D:11     | Reached skill level 6 in Earth Magic
 13675 | D:11     | Reached skill level 6 in Poison Magic
 13808 | D:11     | Reached skill level 8 in Invocations
 14055 | D:11     | Noticed a yaktaur captain
 14055 | D:11     | Noticed a stone giant
 14062 | D:11     | Killed a stone giant
 14063 | D:11     | Reached skill level 10 in Fighting
 14063 | D:11     | Reached skill level 10 in Unarmed Combat
 14063 | D:11     | Reached skill level 8 in Spellcasting
 14075 | D:11     | Killed a yaktaur captain
 14257 | D:11     | Noticed Fannar
 14263 | D:11     | Killed Fannar
 14907 | Lair:1   | Entered Level 1 of the Lair of Beasts
 15100 | Lair:1   | HP: 5/97 [cane toad (19)]
 16176 | D:9      | Bought a book of Iron for 540 gold pieces
 16182 | D:9      | Learned a level 5 spell: Blade Hands
 16189 | D:9      | Learned a level 6 spell: Iron Shot
 16586 | Lair:2   | Reached skill level 8 in Short Blades
 16586 | Lair:2   | Reached skill level 8 in Long Blades
 16586 | Lair:2   | Reached skill level 8 in Axes
 16586 | Lair:2   | Reached skill level 8 in Maces & Flails
 16586 | Lair:2   | Reached skill level 8 in Polearms
 16586 | Lair:2   | Reached skill level 8 in Staves
 16586 | Lair:2   | Reached skill level 8 in Ranged Weapons
 16586 | Lair:2   | Reached skill level 8 in Throwing
 16586 | Lair:2   | Reached skill level 8 in Armour
 16586 | Lair:2   | Reached skill level 8 in Dodging
 16586 | Lair:2   | Reached skill level 8 in Stealth
 16586 | Lair:2   | Reached skill level 8 in Shields
 16586 | Lair:2   | Reached skill level 8 in Evocations
 16680 | Lair:2   | Found a staircase to the Shoals.
 16772 | Lair:2   | Reached XP level 13. HP: 63/104 MP: 22/25
 16954 | Lair:2   | Found the +8 lance "Wyrmbane" {slay drac, rPois rF+ rC+
                  | AC+3}
 17025 | Lair:2   | Reached skill level 9 in Invocations
 17523 | Lair:3   | Reached skill level 7 in Conjurations
 17523 | Lair:3   | Reached skill level 7 in Hexes
 17523 | Lair:3   | Reached skill level 7 in Summonings
 17523 | Lair:3   | Reached skill level 7 in Necromancy
 17523 | Lair:3   | Reached skill level 7 in Translocations
 17523 | Lair:3   | Reached skill level 7 in Transmutations
 17523 | Lair:3   | Reached skill level 9 in Fire Magic
 17523 | Lair:3   | Reached skill level 7 in Ice Magic
 17523 | Lair:3   | Reached skill level 7 in Air Magic
 17523 | Lair:3   | Reached skill level 7 in Earth Magic
 17523 | Lair:3   | Reached skill level 7 in Poison Magic
 17624 | Lair:3   | Reached skill level 9 in Spellcasting
 17734 | Lair:3   | Found a staircase to the Snake Pit.
 18263 | Lair:3   | Reached skill level 11 in Fighting
 18263 | Lair:3   | Reached skill level 11 in Unarmed Combat
 18606 | Lair:3   | Reached skill level 9 in Short Blades
 18606 | Lair:3   | Reached skill level 9 in Long Blades
 18606 | Lair:3   | Reached skill level 9 in Axes
 18606 | Lair:3   | Reached skill level 9 in Maces & Flails
 18606 | Lair:3   | Reached skill level 9 in Polearms
 18606 | Lair:3   | Reached skill level 9 in Staves
 18606 | Lair:3   | Reached skill level 9 in Ranged Weapons
 18606 | Lair:3   | Reached skill level 9 in Throwing
 18606 | Lair:3   | Reached skill level 9 in Armour
 18606 | Lair:3   | Reached skill level 9 in Dodging
 18606 | Lair:3   | Reached skill level 9 in Stealth
 18606 | Lair:3   | Reached skill level 9 in Shields
 18606 | Lair:3   | Reached skill level 9 in Evocations
 19230 | Lair:3   | Reached XP level 14. HP: 113/113 MP: 27/27
 19241 | Lair:3   | Reached skill level 10 in Invocations
 19396 | Lair:3   | Found a staircase to the Snake Pit.
 20170 | Lair:4   | Identified the +1 leather armour of the Devil {-Cast rElec
                  | rF+ Will+ Int-5}
 20405 | Lair:4   | Found a staircase to the Slime Pits.
 20462 | Lair:4   | Found a shimmering blue altar of Sif Muna.
 20629 | Lair:3   | Learned a level 5 spell: Irradiate
 21024 | Lair:5   | Entered Level 5 of the Lair of Beasts
 21091 | Lair:4   | HP: 3/113 [small abomination (13)]
 21095 | Lair:4   | HP: 1/113 [large abomination (5)]
 21100 | Lair:4   | HP: 7/113 [small abomination (8)]
 21105 | Lair:4   | HP: 3/113 [blink frog (3)]
 21218 | Lair:5   | Reached skill level 10 in Spellcasting
 21240 | Lair:5   | Reached skill level 8 in Conjurations
 21240 | Lair:5   | Reached skill level 8 in Hexes
 21240 | Lair:5   | Reached skill level 8 in Summonings
 21240 | Lair:5   | Reached skill level 8 in Necromancy
 21240 | Lair:5   | Reached skill level 8 in Translocations
 21240 | Lair:5   | Reached skill level 8 in Transmutations
 21240 | Lair:5   | Reached skill level 8 in Ice Magic
 21240 | Lair:5   | Reached skill level 8 in Air Magic
 21240 | Lair:5   | Reached skill level 8 in Earth Magic
 21240 | Lair:5   | Reached skill level 8 in Poison Magic
 21490 | Lair:5   | Found a frozen archway.
 21526 | IceCv    | Entered an ice cave
 22072 | IceCv    | Identified a +2 crystal plate armour of cold resistance
 22247 | IceCv    | Found an ancient bone altar of Kikubaaqudgha.
 22379 | IceCv    | Reached skill level 10 in Fire Magic
 22919 | IceCv    | Identified a +0 leather armour of resistance
 23231 | IceCv    | Reached skill level 10 in Short Blades
 23231 | IceCv    | Reached skill level 10 in Long Blades
 23231 | IceCv    | Reached skill level 10 in Axes
 23231 | IceCv    | Reached skill level 10 in Maces & Flails
 23231 | IceCv    | Reached skill level 10 in Polearms
 23231 | IceCv    | Reached skill level 10 in Staves
 23231 | IceCv    | Reached skill level 10 in Ranged Weapons
 23231 | IceCv    | Reached skill level 10 in Throwing
 23231 | IceCv    | Reached skill level 10 in Armour
 23231 | IceCv    | Reached skill level 10 in Dodging
 23231 | IceCv    | Reached skill level 10 in Stealth
 23231 | IceCv    | Reached skill level 10 in Shields
 23231 | IceCv    | Reached skill level 10 in Evocations
 23919 | Lair:5   | Reached XP level 15. HP: 120/120 MP: 29/29
 24031 | Lair:5   | Reached skill level 11 in Invocations
 24087 | Lair:5   | Reached skill level 12 in Fighting
 24087 | Lair:5   | Reached skill level 12 in Unarmed Combat
 25197 | Lair:5   | Found a corrupted altar of Lugonu.
 25197 | Lair:5   | Found a one-way gate to the infinite horrors of the Abyss.
 25440 | Lair:4   | Identified a potion of resistance
 25457 | Lair:4   | Reached skill level 9 in Necromancy
 25714 | Lair:4   | Got the Codex of Despicable Arts
 25994 | D:12     | Found a portal to a secret trove of treasure.
 26848 | D:12     | Found a staircase to the Orcish Mines.
 27692 | Trove    | Entered a treasure trove
 27896 | Temple   | Entered the Ecumenical Temple
 28016 | Temple   | Fell from the grace of Ignis
 28016 | Temple   | Became a worshipper of Ashenzari the Shackled
 28205 | Orc:1    | Entered Level 1 of the Orcish Mines
 28388 | Orc:2    | Entered Level 2 of the Orcish Mines
 28388 | Orc:2    | Found a staircase to the Elven Halls.
 28973 | Orc:2    | Reached skill level 11 in Spellcasting
 29017 | Orc:1    | Paralysed by an orc sorcerer for 2 turns
 29182 | Orc:1    | Noticed an orc warlord
 29408 | Orc:2    | Killed an orc warlord
 30291 | Orc:2    | Reached skill level 9 in Conjurations
 30291 | Orc:2    | Reached skill level 9 in Hexes
 30291 | Orc:2    | Reached skill level 9 in Summonings
 30291 | Orc:2    | Reached skill level 9 in Translocations
 30291 | Orc:2    | Reached skill level 9 in Transmutations
 30291 | Orc:2    | Reached skill level 9 in Ice Magic
 30291 | Orc:2    | Reached skill level 9 in Air Magic
 30291 | Orc:2    | Reached skill level 9 in Earth Magic
 30291 | Orc:2    | Reached skill level 9 in Poison Magic
 31368 | Orc:1    | HP: 12/122 [fire elemental[the fiery vengeance of Ignis]
                  | (12)]
 31369 | Orc:1    | HP: 1/122 [fire elemental[the fiery vengeance of Ignis]
                  | (7)]
 32880 | Orc:2    | Found Zawuilitse's Magic Scroll Shoppe.
 32882 | Orc:2    | Found Uwydd's Antique Weapon Emporium.
 33003 | Orc:2    | Paralysed by an ogre mage for 5 turns
 33050 | Orc:2    | Reached XP level 16. HP: 122/130 MP: 12/31
 33308 | Orc:2    | Reached skill level 10 in Necromancy
 33481 | Orc:2    | Reached skill level 11 in Short Blades
 33481 | Orc:2    | Reached skill level 11 in Long Blades
 33481 | Orc:2    | Reached skill level 11 in Axes
 33481 | Orc:2    | Reached skill level 11 in Maces & Flails
 33481 | Orc:2    | Reached skill level 11 in Polearms
 33481 | Orc:2    | Reached skill level 11 in Staves
 33481 | Orc:2    | Reached skill level 11 in Ranged Weapons
 33481 | Orc:2    | Reached skill level 11 in Throwing
 33481 | Orc:2    | Reached skill level 11 in Armour
 33481 | Orc:2    | Reached skill level 11 in Dodging
 33481 | Orc:2    | Reached skill level 11 in Stealth
 33481 | Orc:2    | Reached skill level 11 in Shields
 33481 | Orc:2    | Reached skill level 11 in Evocations
 33529 | Orc:2    | HP: 2/130 [fire elemental[the fiery vengeance of Ignis]
                  | (14)]
 34085 | Orc:2    | Reached skill level 12 in Invocations
 34508 | Orc:2    | Found Ethy's Antique Weapon Boutique.
 34517 | Orc:2    | Found Fadec's General Store.
 34541 | Orc:2    | Found a runed translucent door.
 34557 | Orc:2    | Noticed mtoz's ghost (journeyman MiFi)
 34650 | Orc:2    | Bought a smoking executioner's axe for 345 gold pieces
 34650 | Orc:2    | Identified the +4 executioner's axe of the New World
                  | {flame, rPois rC+} (You bought it in a shop on level 2 of
                  | the Orcish Mines)
 34656 | Orc:2    | Bought a potion of heal wounds for 80 gold pieces
 34656 | Orc:2    | Bought the quicksilver dragon scales of Wisdom {rN+ Will+
                  | Str+3 Int+2 Stlth+} for 1352 gold pieces
 34822 | D:10     | Acquired 1228 gold pieces
 34956 | Orc:2    | Bought a scroll of teleportation for 51 gold pieces
 34956 | Orc:2    | Bought a scroll of teleportation for 51 gold pieces
 35134 | D:9      | Bought a manual of Armour for 1200 gold pieces
 35199 | D:12     | Upgraded the game from 0.29.1 to 0.29.1-1-gd02db6906a
 35277 | D:12     | Reached * piety under Ashenzari
 35947 | D:13     | Identified the +1 plate armour "Tangus" {Slay+2}
 36404 | D:13     | Reached ** piety under Ashenzari
 36637 | D:13     | Learned a level 6 spell: Summon Cactus Giant
 37405 | D:14     | Reached skill level 11 in Fire Magic
 37606 | D:14     | Found a sacrificial altar of Ru.
 37703 | D:14     | Reached skill level 13 in Fighting
 37703 | D:14     | Reached skill level 13 in Unarmed Combat
 37716 | D:14     | Found a gate to the Vaults.
 38070 | D:14     | Was forgiven by Ignis
 38482 | D:15     | Entered Level 15 of the Dungeon
 38568 | D:15     | Found a staircase to the Depths.
 38573 | D:15     | Identified a +2 robe of resistance
 38614 | D:15     | Reached skill level 12 in Armour
 38795 | D:15     | Found Optywnus's General Store.
 39099 | D:15     | Reached skill level 11 in Necromancy
 39317 | D:15     | Reached skill level 12 in Spellcasting
 39680 | D:8      | Killed Camille's ghost
 39911 | Orc:2    | Killed mtoz's ghost
 40319 | Snake:1  | Entered Level 1 of the Snake Pit
 40660 | Snake:1  | Noticed Azrael
 40694 | Snake:1  | Reached XP level 17. HP: 41/140 MP: 28/34
 40697 | Lair:3   | Killed Azrael
 40928 | Snake:1  | Identified the +2 robe "Raafurigi" {MP-9 Int+7}
 40989 | Snake:1  | Reached skill level 10 in Conjurations
 40989 | Snake:1  | Reached skill level 10 in Hexes
 40989 | Snake:1  | Reached skill level 10 in Summonings
 40989 | Snake:1  | Reached skill level 10 in Translocations
 40989 | Snake:1  | Reached skill level 10 in Transmutations
 40989 | Snake:1  | Reached skill level 10 in Ice Magic
 40989 | Snake:1  | Reached skill level 10 in Air Magic
 40989 | Snake:1  | Reached skill level 10 in Earth Magic
 40989 | Snake:1  | Reached skill level 10 in Poison Magic
 41128 | Snake:1  | Found Sowe's Antique Armour Boutique.
 41146 | Snake:1  | Noticed Frances
 41191 | Snake:1  | Killed Frances
 41384 | Snake:1  | Noticed Louise
 41567 | Snake:1  | Killed Louise
 41798 | Snake:1  | Reached *** piety under Ashenzari
 42125 | Snake:2  | Found Okluc's Self-Improvement Boutique.
 42186 | Snake:2  | Reached skill level 13 in Invocations
 42204 | Snake:2  | Reached skill level 12 in Short Blades
 42204 | Snake:2  | Reached skill level 12 in Long Blades
 42204 | Snake:2  | Reached skill level 12 in Axes
 42204 | Snake:2  | Reached skill level 12 in Maces & Flails
 42204 | Snake:2  | Reached skill level 12 in Polearms
 42204 | Snake:2  | Reached skill level 12 in Staves
 42204 | Snake:2  | Reached skill level 12 in Ranged Weapons
 42204 | Snake:2  | Reached skill level 12 in Throwing
 42204 | Snake:2  | Reached skill level 12 in Dodging
 42204 | Snake:2  | Reached skill level 12 in Stealth
 42204 | Snake:2  | Reached skill level 12 in Shields
 42204 | Snake:2  | Reached skill level 12 in Evocations
 42499 | Snake:2  | Found Guale's Distillery.
 42499 | Snake:2  | Found Keabepto's Assorted Antiques.
 42503 | Snake:2  | Found Nukkecvo's General Store.
 42526 | Snake:2  | Reached skill level 13 in Armour
 43529 | Snake:3  | Reached skill level 12 in Necromancy
 43545 | Snake:3  | Reached **** piety under Ashenzari
 44293 | Snake:4  | Entered Level 4 of the Snake Pit
 44756 | Snake:4  | Reached skill level 14 in Fighting
 44756 | Snake:4  | Reached skill level 14 in Unarmed Combat
 44756 | Snake:4  | Reached XP level 18. HP: 156/156 MP: 19/38
 45397 | Snake:4  | Identified a potion of experience
 45408 | Snake:4  | Reached skill level 14 in Armour
 45408 | Snake:4  | Reached skill level 13 in Spellcasting
 45408 | Snake:4  | Reached skill level 12 in Fire Magic
 45408 | Snake:4  | Reached XP level 19. HP: 163/163 MP: 39/39
 45419 | Snake:4  | Learned a level 7 spell: Ozocubu's Refrigeration
 45436 | Snake:4  | Identified the +3 ring mail "Oticriur" {Int+2}
 46469 | Snake:4  | Reached skill level 14 in Invocations
 46683 | Snake:4  | Found Akirerick's Magic Scroll Shoppe.
 46922 | Snake:4  | Reached skill level 11 in Conjurations
 46922 | Snake:4  | Reached skill level 11 in Hexes
 46922 | Snake:4  | Reached skill level 11 in Summonings
 46922 | Snake:4  | Reached skill level 11 in Translocations
 46922 | Snake:4  | Reached skill level 11 in Transmutations
 46922 | Snake:4  | Reached skill level 11 in Ice Magic
 46922 | Snake:4  | Reached skill level 11 in Air Magic
 46922 | Snake:4  | Reached skill level 11 in Earth Magic
 46922 | Snake:4  | Reached skill level 11 in Poison Magic
 46972 | Snake:4  | Reached skill level 13 in Necromancy
 47272 | Snake:4  | Reached skill level 13 in Short Blades
 47272 | Snake:4  | Reached skill level 13 in Long Blades
 47272 | Snake:4  | Reached skill level 13 in Axes
 47272 | Snake:4  | Reached skill level 13 in Maces & Flails
 47272 | Snake:4  | Reached skill level 13 in Polearms
 47272 | Snake:4  | Reached skill level 13 in Staves
 47272 | Snake:4  | Reached skill level 13 in Ranged Weapons
 47272 | Snake:4  | Reached skill level 13 in Throwing
 47272 | Snake:4  | Reached skill level 13 in Dodging
 47272 | Snake:4  | Reached skill level 13 in Stealth
 47272 | Snake:4  | Reached skill level 13 in Shields
 47272 | Snake:4  | Reached skill level 13 in Evocations
 48142 | Snake:4  | Got a serpentine rune of Zot
 48272 | Snake:4  | Reached skill level 15 in Armour
 48640 | Shoals:1 | Entered Level 1 of the Shoals
 48962 | Shoals:1 | Reached ***** piety under Ashenzari
 48975 | Shoals:1 | Learned a level 2 spell: Passwall
 48979 | Shoals:1 | Learned a level 3 spell: Swiftness
 49517 | Shoals:2 | Noticed Polyphemus
 49546 | Shoals:2 | Noticed Nikola
 49549 | Shoals:2 | Killed Polyphemus
 50203 | Shoals:3 | Identified the +6 short sword "Bufut" {freeze, rN++ Will-
                  | rCorr MP+9}
 50335 | Shoals:3 | Identified the +7 great sword of the Telling Badger
                  | {freeze, rC+ rN+ Str+2 Dex-4}
 50370 | Shoals:3 | Reached XP level 20. HP: 174/174 MP: 0/42
 51101 | Shoals:2 | Killed Nikola
 51493 | Shoals:2 | Found Gezxixupn's Jewellery Shop.
 52093 | Shoals:3 | Reached skill level 15 in Fighting
 52093 | Shoals:3 | Reached skill level 15 in Unarmed Combat
 52505 | Shoals:3 | Identified the cursed +2 pair of gloves of the Fated
                  | Discomfort {Elem, Range} (You found it on level 9 of the
                  | Dungeon)
 52505 | Shoals:3 | Identified the cursed +2 kite shield of Ashenzari's
                  | Bitterness {AC+3, Elem, Comp} (You took it off a naga
                  | warrior on level 4 of the Snake Pit)
 52671 | Shoals:3 | Reached skill level 14 in Necromancy
 53933 | Shoals:4 | Entered Level 4 of the Shoals
 53953 | Shoals:4 | Reached skill level 14 in Spellcasting
 54153 | Shoals:4 | Noticed Aizul
 54158 | Shoals:4 | Killed Aizul
 54423 | Shoals:4 | Reached skill level 16 in Armour
 54741 | Shoals:4 | Reached skill level 15 in Invocations
 54947 | Shoals:4 | Got a barnacled rune of Zot
 55435 | Shoals:4 | Identified the amulet "Seyhitt" {Acrobat Stlth+}
 55770 | Shoals:4 | Reached skill level 13 in Fire Magic
 56006 | Shoals:4 | Reached skill level 14 in Short Blades
 56006 | Shoals:4 | Reached skill level 14 in Long Blades
 56006 | Shoals:4 | Reached skill level 14 in Axes
 56006 | Shoals:4 | Reached skill level 14 in Maces & Flails
 56006 | Shoals:4 | Reached skill level 14 in Polearms
 56006 | Shoals:4 | Reached skill level 14 in Staves
 56006 | Shoals:4 | Reached skill level 14 in Ranged Weapons
 56006 | Shoals:4 | Reached skill level 14 in Throwing
 56006 | Shoals:4 | Reached skill level 14 in Dodging
 56006 | Shoals:4 | Reached skill level 14 in Stealth
 56006 | Shoals:4 | Reached skill level 14 in Shields
 56006 | Shoals:4 | Reached skill level 14 in Evocations
 57007 | Vaults:1 | Entered Level 1 of the Vaults
 57124 | Vaults:1 | Found Eczosero's Armour Shop.
 57666 | Vaults:1 | Reached skill level 12 in Conjurations
 57666 | Vaults:1 | Reached skill level 12 in Hexes
 57666 | Vaults:1 | Reached skill level 12 in Summonings
 57666 | Vaults:1 | Reached skill level 12 in Translocations
 57666 | Vaults:1 | Reached skill level 12 in Transmutations
 57666 | Vaults:1 | Reached skill level 12 in Ice Magic
 57666 | Vaults:1 | Reached skill level 12 in Air Magic
 57666 | Vaults:1 | Reached skill level 12 in Earth Magic
 57666 | Vaults:1 | Reached skill level 12 in Poison Magic
 57859 | Vaults:1 | Identified +0 swamp dragon scales
 58314 | Vaults:1 | Reached XP level 21. HP: 182/182 MP: 43/43
 58341 | Vaults:1 | Learned a level 7 spell: Summon Hydra
 59429 | Vaults:2 | Learned a level 7 spell: Storm Form
 59866 | Snake:2  | Bought a manual of Unarmed Combat for 960 gold pieces
 60171 | Vaults:2 | Found Toorph's Antique Armour Shoppe.
 60194 | Vaults:2 | Reached skill level 17 in Armour
 60236 | Vaults:2 | Reached skill level 15 in Necromancy
 60487 | Vaults:2 | Identified the cursed +2 cloak of the Fated Paranoia {Cun,
                  | Elem} (You found it on level 2 of the Lair of Beasts)
 60487 | Vaults:2 | Identified the cursed +2 helmet of the Eye in the Sky
                  | {Fort, Self} (You found it on level 10 of the Dungeon)
 60487 | Vaults:2 | Identified the cursed +2 pair of boots "Enigmatic the
                  | Doldrums" {Self, Bglg} (You found it on level 3 of the
                  | Dungeon)
 60536 | Vaults:2 | Noticed Xtahua
 60543 | Vaults:2 | Killed Xtahua
 60872 | Vaults:2 | Found a staircase to the Crypt.
 61104 | Vaults:2 | Reached skill level 16 in Unarmed Combat
 61326 | Vaults:2 | Identified +2 fire dragon scales
 61326 | Vaults:2 | Noticed Margery
 61345 | Abyss:4  | Cast into level 4 of the Abyss (Margery)
 61403 | Abyss:4  | Got an abyssal rune of Zot
 61437 | Abyss:4  | Found a corrupted altar of Lugonu.
 61546 | Abyss:4  | Noticed a bone dragon
 61594 | Abyss:4  | Killed a bone dragon
 61642 | Abyss:4  | Found a corrupted altar of Lugonu.
 61801 | Abyss:4  | Found a corrupted altar of Lugonu.
 61815 | Abyss:4  | HP: 1/123 [balrug/+0 demon whip of electrocution (19)]
 61816 | Abyss:4  | Mangled by a balrug

Vanquished Creatures
  Xtahua (Vaults:2)
  Nikola (Shoals:2)
  A bone dragon (Abyss:4)
  Frances (Snake:1)
  Polyphemus (Shoals:2)
  A fire giant (D:15)
  16 nagarajas
  5 vault wardens
  3 orc warlords
  Aizul (Shoals:4)
  Louise (Snake:1)
  A curse skull (Vaults:2)
  A war gargoyle (Abyss:4)
  4 ironbound preservers
  2 very ugly things (Vaults:2)
  A stone giant (D:11)
  2 elemental wellsprings (Shoals:3)
  2 ironbound thunderhulks (Vaults:2)
  Azrael (Lair:3)
  A dire elephant (Vaults:2)
  An entropy weaver (Vaults:2)
  The ghost of mtoz the Protected, a journeyman MiFi of Okawaru (Orc:2)
  7 merfolk impalers
  2 merfolk javelineers
  A deep elf high priest (Vaults:1)
  3 great orbs of eyes
  Fannar (D:11)
  A salamander tyrant (Snake:4)
  6 hydras
  7 yaktaur captains
  2 rakshasas
  2 vault guards (Vaults:2)
  3 ogre magi
  3 boulder beetles
  8 catoblepae
  7 ironbound frosthearts
  4 centaur warriors
  3 anacondas
  2 merfolk avatars
  A dancing weapon (D:8)
  16 two-headed ogres
  A satyr (Shoals:3)
  5 merfolk aquamancers
  25 naga warriors
  The ghost of Camille the Fighter, a novice HuIE of Vehumet (D:8)
  2 alligator snapping turtles
  4 death yaks
  An alligator (Lair:3)
  A vampire mage (Vaults:2)
  2 tengu warriors (D:14)
  3 thrashing horrors (Lair:5)
  19 naga sharpshooters
  7 shock serpents
  2 wretched stars (Abyss:4)
  3 sun demons (Abyss:4)
  2 salamander mystics
  A death drake (Abyss:4)
  25 sea snakes
  15 deep trolls
  4 ironbound convokers (Vaults:2)
  5 deep elf pyromancers
  2 necromancers
  4 wizards
  2 phantasmal warriors (Vaults:2)
  7 lindwurms
  Pikel (D:4)
  17 harpies
  6 naga ritualists
  5 mana vipers
  9 orc knights
  18 salamanders
  A wolf spider (Lair:3)
  11 cyclopes
  14 fauns
  10 manticores
  13 elephants
  25 ugly things
  9 merfolk sirens
  6 orc sorcerers
  32 black mambas
  An ice statue (IceCv)
  12 guardian serpents
  18 naga magi
  9 water nymphs
  3 vault sentinels
  12 cane toads
  5 torpor snails
  A cane toad (shapeshifter) (Lair:5)
  A smoke demon (Lair:4)
  A gargoyle (D:10)
  A kobold demonologist (D:12)
  8 unseen horrors
  A rime drake (Lair:3)
  17 yaktaurs (Vaults:2)
  An efreet (D:14)
  8 komodo dragons
  3 freezing wraiths (IceCv)
  An anaconda simulacrum (IceCv)
  An ancient zyme (Lair:5)
  11 ice devils (IceCv)
  18 trolls
  7 catoblepas skeletons (Abyss:4)
  34 merfolk
  3 meliai (D:14)
  A polar bear (Lair:3)
  41 blink frogs
  4 wind drakes
  15 snapping turtles
  A snapping turtle (shapeshifter) (D:11)
  16 dream sheep
  31 slime creatures
  A slime creature (shapeshifter) (Lair:5)
  Sigmund (D:3)
  2 spriggans (Lair:5)
  A flying skull (Abyss:4)
  3 wraiths
  2 water elementals (Shoals:3)
  A golden eye (shapeshifter) (D:14)
  A vampire (D:12)
  4 wyverns
  2 dire elephant simulacra (IceCv)
  2 ynoxinuls (Lair:5)
  23 fire elementals
  55 yaks
  8 vampire mosquitoes
  12 basilisks
  A steam dragon (D:6)
  2 chaos spawn (Lair:5)
  A redback (shapeshifter) (D:14)
  A death yak simulacrum (IceCv)
  5 wargs
  3 harpy simulacra (IceCv)
  2 large abominations
  54 nagas
  2 hydra simulacra (IceCv)
  15 water moccasins
  3 hell hounds (Lair:3)
  32 orc warriors
  A nameless horror (Snake:2)
  A sky beast (D:7)
  9 small abominations
  6 black bears
  2 ice beasts
  21 wolves
  24 ogres
  8 centaurs
  5 boggarts (D:14)
  A phantom (D:4)
  4 kobold brigands
  16 bullfrogs
  2 gnoll sergeants (D:9)
  6 earth elementals (Abyss:4)
  A two-headed ogre simulacrum (IceCv)
  4 cane toad simulacra (IceCv)
  3 scorpions
  10 wights
  7 elephant simulacra (IceCv)
  2 electric eels
  3 howler monkeys
  3 jellies
  3 hounds
  16 orc priests
  2 gnoll boudas
  25 orc wizards
  2 iguanas
  3 polar bear simulacra (IceCv)
  A spriggan simulacrum (IceCv)
  A troll simulacrum (IceCv)
  5 wolf simulacra (IceCv)
  26 gnolls
  A naga simulacrum (IceCv)
  5 adders
  2 shadow imps
  3 white imps
  An ufetubus (D:4)
  A worm (D:4)
  4 dart slugs
  79 orcs
  8 bats
  8 endoplasms
  2 giant cockroaches
  26 goblins
  13 hobgoblins
  7 jackals
  26 kobolds
  2 quokkas
  5 ball pythons
  A frilled lizard (D:3)
  4 rats
1394 creatures vanquished.

Vanquished Creatures (collateral kills)
  A vault warden (Vaults:2)
  An ironbound preserver (Vaults:2)
  2 ironbound thunderhulks
  2 dire elephants (Vaults:2)
  An ironbound frostheart (Vaults:2)
  An anaconda (Snake:2)
  A centaur warrior (Vaults:2)
  4 deep trolls (Vaults:2)
13 creatures vanquished.

Vanquished Creatures (others)
  A water moccasin (Lair:3)
  2 orcs
  88 foxfires
  30 fungi
  150 plants
  A withered plant (Shoals:4)
272 creatures vanquished.

Grand Total: 1679 creatures vanquished
